 Dungeon Crawl Stone Soup version 0.28-a0-1447-ga5a8893891 (webtiles) character file.

Game seed: 1705943591883138040

164693 wakim the Brawler (level 17, -3/175 HPs)
             Began as a Troll Hunter on Jan 10, 2022.
             Was a High Priest of Fedhas.
             Killed by an exploding ballistomycete spore (20 damage)
             ... set off by their pet
             ... on level 3 of the Swamp.
             The game lasted 01:30:29 (29908 turns).

wakim the Brawler (Troll Hunter)                   Turns: 29908, Time: 01:30:30

Health: -3/175     AC: 14    Str: 26    XL:     17   Next: 26%
Magic:  24/24      EV: 16    Int:  7    God:    Fedhas [*****.]
Gold:   2064       SH:  0    Dex: 20    Spells: 16/16 levels left

rFire   . . .      SeeInvis +     - Unarmed
rCold   . . .      Faith    +   V - +5 tower shield of the Meadowlark {Dex+4}
rNeg    . . .      Spirit   .   t - +1 acid dragon scales
rPois   +          Reflect  .   q - +2 hat
rElec   .          Harm     .   h - +1 cloak of the Clam {+Blink Slay+3}
rCorr   +          Rampage  .   (gloves unavailable)
Will    +....                   (boots unavailable)
Stlth   +.........              f - amulet of faith
HPRegen 1.19/turn               e - ring of poison resistance
MPRegen 0.19/turn               d - ring "Weim" {EV+4 Str+2 SInv}

@: confused, studying Dodging, very slow
A: large, unfitting armour, claws 3, regeneration 1, shaggy fur 1, tough skin 1
a: Renounce Religion, Evoke Blink, Wall of Briars, Grow Ballistomycete,
Overgrow, Grow Oklob


You were on level 3 of the Swamp.
You worshipped Fedhas.
Fedhas was extremely pleased with you.
You visited 6 branches of the dungeon, and saw 29 of its levels.
You also visited: Ossuary and Ice Cave.

You collected 2848 gold pieces.
You spent 784 gold pieces at shops.

Inventory:

Missiles
 b - 2 javelins
 c - 46 large rocks {=f}
 g - 9 silver boomerangs
 j - 82 poisoned darts
 s - 836 stones (quivered)
 D - 3 curare-tipped darts {=f}
 L - 4 throwing nets {=f!f}
 P - 11 boomerangs
 Q - 6 datura-tipped darts
Armour
 h - the +1 cloak of the Clam (worn) {+Blink Slay+3}
   (You acquired it on level 2 of the Lair of Beasts)

   Slay:      It affects your accuracy & damage with ranged weapons and melee
   (+3).
   +Blink:    It lets you blink.
 i - a +0 cloak of cold resistance
 q - a +2 hat (worn)
 t - +1 acid dragon scales (worn)
 V - the +5 tower shield of the Meadowlark (worn) {Dex+4}
   (You acquired it on level 3 of the Dungeon)

   Dex:       It affects your dexterity (+4).
Jewellery
 d - the ring "Weim" (right claw) {EV+4 Str+2 SInv}
   (You bought it in a shop on level 2 of the Orcish Mines)

   [ring of evasion]

   EV:        It affects your evasion (+4).
   Str:       It affects your strength (+2).
   SInv:      It lets you see invisible.
 e - a ring of poison resistance (left claw)
 f - an amulet of faith (around neck)
 k - a +4 ring of evasion
 n - a ring of willpower
 o - a ring of protection from cold
 v - an amulet of reflection
 C - a +4 ring of protection
 W - a ring of resist corrosion
Wands
 w - a wand of acid (17)
 x - a wand of iceblast (41)
 y - a wand of paralysis (10)
 z - a wand of polymorph (3)
Scrolls
 p - 7 scrolls of enchant armour
 r - 5 scrolls of identify
 R - 3 scrolls of magic mapping {!r}
 S - a scroll of summoning
 T - 6 scrolls of teleportation
 U - 3 scrolls of fear
 X - 7 scrolls of fog
 Y - a scroll of blinking {!r}
 Z - a scroll of silence {!r}
Potions
 A - a potion of ambrosia
 B - a potion of attraction {!q}
 E - 4 potions of cancellation
 G - 4 potions of flight
 H - 4 potions of haste
 I - a potion of invisibility
 J - 4 potions of heal wounds
 K - 4 potions of magic
 M - 3 potions of mutation {!q}
 N - 5 potions of might
 O - 3 potions of resistance
Miscellaneous
 l - a condenser vane
 m - a phantom mirror


   Skills:
 + Level 12.9 Fighting
 * Level 10.1 Throwing
 - Level 4.0 Armour
 - Level 8.1 Dodging
 - Level 0.3 Stealth
 + Level 11.8 Shields
 + Level 15.5 Unarmed Combat
 * Level 11.6 Invocations
 - Level 6.0 Evocations


You had 16 spell levels left.
You didn't know any spells.
Your spell library contained the following spells:

 Spells                   Type           Power      Damage    Failure   Level
 Apportation              Tloc           0%         N/A       89%         1
 Magic Dart               Conj           0%         1d3       89%         1
 Pain                     Necr           0%         1d4       89%         1
 Sandblast                Erth           0%         2d4       89%         1
 Summon Small Mammal      Summ           0%         N/A       89%         1
 Call Imp                 Summ           0%         N/A       96%         2
 Corpse Rot               Necr/Air       0%         N/A       96%         2
 Ensorcelled Hibernation  Hex/Ice        0%         N/A       96%         2
 Passwall                 Tmut/Erth      0%         N/A       96%         2
 Poisonous Vapours        Pois/Air       0%         N/A       96%         2
 Static Discharge         Conj/Air       0%         N/A       96%         2
 Conjure Flame            Conj/Fire      0%         6-21      99%         3
 Frozen Ramparts          Ice            0%         1d2       99%         3
 Ignite Poison            Fire/Tmut/Pois 0%         N/A       99%         3
 Mephitic Cloud           Conj/Pois/Air  0%         N/A       99%         3
 Stone Arrow              Conj/Erth      0%         3d7       99%         3
 Swiftness                Air            0%         N/A       99%         3
 Tukima's Dance           Hex            0%         N/A       99%         3
 Airstrike                Air            0%         N/A       100%        4
 Anguish                  Hex/Necr       0%         N/A       100%        4
 Animate Armour           Summ/Erth      0%         N/A       100%        4
 Cause Fear               Hex            0%         N/A       100%        4
 Leda's Liquefaction      Hex/Erth       0%         N/A       100%        4
 Petrify                  Tmut/Erth      0%         N/A       100%        4
 Sticky Flame             Conj/Fire      0%         2d3       100%        4
 Summon Lightning Spire   Summ/Air       0%         N/A       100%        4
 Agony                    Necr           0%         N/A       100%        5
 Alistair's Intoxication  Tmut/Pois      0%         N/A       100%        5
 Excruciating Wounds      Necr           0%         N/A       100%        5
 Fireball                 Conj/Fire      0%         3d3       100%        5
 Freezing Cloud           Conj/Ice/Air   0%         6-21      100%        5
 Iskenderun's Battlesphe  Conj           0%         2d6       100%        5
 Lee's Rapid Deconstruct  Erth           0%         3d5*      100%        5
 Lightning Bolt           Conj/Air       0%         1d11      100%        5
 Metabolic Englaciation   Hex/Ice        0%         N/A       100%        5
 Conjure Ball Lightning   Conj/Air       0%         3x3d6     100%        6
 Dispersal                Tloc           0%         N/A       100%        6
 Iron Shot                Conj/Erth      0%         9d1       100%        6
 Simulacrum               Ice/Necr       0%         N/A       100%        6
 Starburst                Conj/Fire      0%         6d3       100%        6
 Statue Form              Tmut/Erth      0%         N/A       100%        6
 Dragon Form              Tmut           0%         N/A       100%        7
 Enfeeble                 Hex            0%         N/A       100%        7
 Orb of Destruction       Conj           0%         N/A       100%        7
 Spellforged Servitor     Conj/Summ      0%         N/A       100%        7
 Disjunction              Tloc           0%         N/A       100%        8
 Ignition                 Fire           0%         3d3       100%        8
 Lehudib's Crystal Spear  Conj/Erth      0%         10d2      100%        8
 Dragon's Call            Summ           0%         N/A       100%        9
 Polar Vortex             Ice            0%         N/A       100%        9


Dungeon Overview and Level Annotations

Branches:
Dungeon (15/15)            Temple (1/1) D:5            Lair (6/6) D:11
  Swamp (4/4) Lair:3       Spider (1/4) Lair:4        Slime (0/5) Lair:6
    Orc (2/2) D:10            Elf (0/3) Orc:2        Vaults (0/5) D:13
 Depths (0/4) D:15        Ossuary (visited)           IceCv (visited)

Altars:
Ashenzari
Cheibriados
Fedhas
Gozag
Kikubaaqudgha
Makhleb
Okawaru
Qazlal
Sif Muna
Trog
Xom
Zin
The Shining One
Beogh
Jiyva
Lugonu

Shops:
D:5 :   D:7 :   D:10 :   Orc:2 ([*=

Portals:
Abyss: Lair:6

Annotations:
D:8 exclusion: hornet
D:9 2 transporters
Spider:1 Jorgrun


Innate Abilities, Weirdness & Mutations

You are too large for most types of armour.
You have claws for hands.
Your natural rate of healing is unusually fast.
You are covered in fur. (AC +1)
You have tough skin. (AC +1)


Message History

The six-headed hydra misses you.
You block the six-headed hydra's attack.
The six-headed hydra barely misses you. The six-headed hydra misses you.
The six-headed hydra bites you.
* * * LOW HITPOINT WARNING * * *
A ballistomycete spore comes into view.
The six-headed hydra barely misses you.
You block the six-headed hydra's attack. x2
The six-headed hydra completely misses you.
You block the six-headed hydra's attack.
The six-headed hydra bites you but does no damage.
The swamp dragon breathes poison at you.
The blast of poison engulfs you. You resist.
* * * LOW HITPOINT WARNING * * *
Your ballistomycete spore explodes!
The explosion of spores engulfs you!
You are confused.
* * * LOW HITPOINT WARNING * * *
The six-headed hydra appears confused.
The explosion of spores engulfs the six-headed hydra!!!
You kill the six-headed hydra!
Fedhas appreciates your contribution to the ecosystem.
The six-headed hydra bites you.
* * * LOW HITPOINT WARNING * * *
The six-headed hydra bites you but does no damage.
The six-headed hydra bites you.
* * * LOW HITPOINT WARNING * * *
The six-headed hydra barely misses you. The six-headed hydra bites you!
* * * LOW HITPOINT WARNING * * *
The six-headed hydra bites you.
* * * LOW HITPOINT WARNING * * *
A ballistomycete spore comes into view.
You enter the shallow water.
Moving in this stuff is going to be slow.
You feel less confused.
Your ballistomycete spore explodes!
The explosion of spores engulfs you!!
You are confused.
You die...
Fedhas appreciates your contribution to the ecosystem.

#.#...≈≈≈≈≈.[♣♣ ♣≈≈.≈≈≈...§≈≈≈.
.....≈≈...≈.≈♣ ♣♣♣♣.≈≈......≈§≈.♣
♣♣♣≈.≈≈≈...≈♣♣♣♣≈♣.≈≈..≈≈≈...≈.≈♣
♣≈§≈≈≈≈.≈.♣♣♣..≈≈≈≈≈≈≈≈≈≈.♣.§≈.♣
♣♣♣≈≈≈≈≈.≈≈≈.§≈≈≈≈≈≈≈≈≈≈≈≈.≈≈≈≈.♣
♣♣♣.≈≈≈...≈≈.≈≈☼≈○D.>.....≈≈≈≈≈♣♣
.≈♣♣...♣≈....≈≈P☼D☼....≈≈.≈≈≈≈.♣♣
§≈≈♣♣♣♣♣♣♣..≈...°○○§≈≈≈≈≈≈≈≈≈≈.[§
≈≈.♣ ♣....♣♣..≈@§☼≈≈≈≈≈≈≈≈≈≈≈≈..
.≈.♣ ♣♣.≈≈.....≈§≈≈≈§≈≈≈..^.[≈≈[.
..♣♣ ♣≈≈≈§≈≈>......≈≈..≈≈♣♣♣♣...♣
.≈♣ ♣♣♣♣♣♣♣♣♣♣♣♣♣....≈♣♣♣ ♣♣♣♣≈
..♣ ♣≈.♣♣♣♣ ♣≈≈ ≈.♣♣ ♣♣♣♣ ♣≈≈
≈≈≈♣ ♣.. ≈≈.♣ ♣♣♣ .≈♣♣


You could see a six-headed hydra (ally target), a swamp dragon (catching breath)
and a friendly ballistomycete (summoned).

Vanquished Creatures
  Bai Suzhen (Swamp:2)
  Kirke (Lair:4)
  A fenstrider witch (Swamp:4)
  Aizul (Swamp:1)
  An orc warlord (Orc:2)
  3 ghouls
  A very ugly thing (D:12)
  6 eleionomae
  11 bunyips
  2 blizzard demons (IceCv)
  A fire dragon (D:15)
  An ettin (Orc:2)
  4 boulder beetles
  A vault guard (D:13)
  The ghost of alja1234 the Destroyer, a journeyman TeFE of Vehumet (Lair:2)
  A great orb of eyes (D:15)
  An ice dragon (D:15)
  A ghost crab (Swamp:3)
  19 hydras
  7 centaur warriors
  A catoblepas (D:13)
  4 alligators
  4 two-headed ogres
  4 death yaks
  3 thrashing horrors (Lair:6)
  4 orc high priests
  A spriggan berserker (Swamp:1)
  8 skeletal warriors
  A death drake (Swamp:1)
  4 goliath frogs
  3 spriggan druids
  6 bog bodies
  An obsidian statue (IceCv)
  8 swamp dragons
  6 spriggan simulacra (IceCv)
  5 orc knights
  A deep elf zephyrmancer (D:12)
  7 cyclopes
  3 deep elf pyromancers
  3 wolf spiders
  24 ugly things
  A large abomination (Lair:6)
  4 orc sorcerers (Orc:2)
  6 manticores
  4 will-o-the-wisps
  Maurice (Orc:1)
  4 black mambas
  A torpor snail (Lair:5)
  9 elephants
  3 centaur zombies (D:10)
  An ice statue (D:14)
  2 gargoyles (D:12)
  9 cane toads
  4 rime drakes
  4 efreet
  10 komodo dragons
  A yaktaur (D:15)
  10 entropy weaver simulacra (IceCv)
  7 ice devils (IceCv)
  2 anaconda simulacra (IceCv)
  An ancient zyme (Lair:6)
  4 hornets
  11 trolls
  7 tyrant leeches
  8 polar bears
  A tarantella (Lair:4)
  19 dream sheep
  2 hornets (shapeshifter)
  A raiju (shapeshifter) (D:15)
  A tarantella (shapeshifter) (D:13)
  24 blink frogs
  13 slime creatures
  A jumping spider (Lair:4)
  22 yaks
  4 vampires
  5 wraiths
  4 spriggans
  6 ynoxinuls
  A fire elemental (Lair:2)
  7 wyverns
  3 shadows
  13 basilisks
  4 dire elephant simulacra (IceCv)
  A chaos spawn (Lair:6)
  A redback (Lair:4)
  4 minotaur simulacra (IceCv)
  9 vampire mosquitoes
  4 wargs
  8 swamp worms
  A harpy simulacrum (IceCv)
  Edmund (D:5)
  2 hydra simulacra (IceCv)
  3 acid dragons
  Duvessa (D:7)
  20 water moccasins
  An alligator simulacrum (IceCv)
  34 orc warriors
  6 swamp drakes
  3 ettin simulacra (IceCv)
  3 necrophages
  A sky beast (D:7)
  4 black bears (Lair:3)
  3 ogres
  10 wolves
  15 centaurs
  A phantom (D:6)
  2 kobold brigands
  7 small abominations (Lair:6)
  12 bullfrogs
  7 scorpions (Ossuary)
  3 gnoll sergeants
  4 deep troll simulacra (IceCv)
  Dowan (D:6)
  15 killer bees
  An electric eel (Lair:2)
  3 howler monkeys
  2 lava snakes (Lair:2)
  A bullfrog zombie (D:6)
  A bullfrog skeleton (D:6)
  4 hounds
  3 jellies
  3 human zombies (Ossuary)
  19 orc priests
  2 gnoll shamans
  An iguana (D:4)
  5 scorpion zombies (Ossuary)
  Ijyb (D:5)
  25 orc wizards
  A hound zombie (D:5)
  3 mummies (Ossuary)
  2 howler monkey zombies
  A howler monkey skeleton (D:3)
  26 gnolls
  3 adders
  A shadow imp (D:5)
  A white imp (D:8)
  An ufetubus (D:6)
  An adder skeleton (D:4)
  A dart slug (D:3)
  2 worms (D:2)
  56 orcs
  2 ball pythons
  4 bats
  7 endoplasms
  2 giant cockroaches
  A gnoll zombie (Ossuary)
  11 hobgoblins
  5 jackals
  17 kobolds
  5 quokkas
  A frilled lizard (D:1)
  8 goblins
  A goblin zombie (Ossuary)
  4 hobgoblin zombies (Ossuary)
  5 kobold zombies (Ossuary)
  3 orc zombies (Ossuary)
  9 rats
  7 ballistomycete spores
  A butterfly (Lair:3)
861 creatures vanquished.

Vanquished Creatures (collateral kills)
  An eleionoma (Swamp:1)
  A wyvern (Lair:6)
  A spriggan (Swamp:2)
  2 yaks (Lair:6)
  A swamp worm (Swamp:2)
  A water moccasin (Lair:5)
  146 ballistomycete spores
153 creatures vanquished.

Vanquished Creatures (others)
  A thorn hunter (Swamp:4)
  A swamp dragon (Swamp:4)
  A bloated husk (Swamp:4)
  A tyrant leech (Swamp:4)
  2 humans (Spider:1)
  An orc warrior (Orc:2)
  An orc (Orc:2)
  12 ballistomycete spores
  A briar patch (Swamp:4)
  46 foxfires
  32 fungi
  59 plants
  3 withered plants (D:3)
161 creatures vanquished.

Grand Total: 1175 creatures vanquished

Notes
Turn   | Place    | Note
-------+----------+-------------------------------------------
     0 | D:1      | wakim the Troll Hunter began the quest for the Orb.
     0 | D:1      | Reached XP level 1. HP: 19/19 MP: 0/0
    81 | D:1      | Reached XP level 2. HP: 24/28 MP: 1/1
   103 | D:1      | Reached skill level 1 in Unarmed Combat
   429 | D:1      | Found a faded altar of an unknown god.
   446 | D:1      | Prayed at the altar of an unknown god.
   446 | D:1      | Became a worshipper of Fedhas Madash
   446 | D:1      | Reached * piety under Fedhas
   606 | D:1      | Reached XP level 3. HP: 35/35 MP: 2/2
   905 | D:2      | Identified a scroll of acquirement
   905 | D:2      | Acquired a +4 ring of protection
   985 | D:2      | Reached skill level 2 in Unarmed Combat
   985 | D:2      | Reached XP level 4. HP: 23/44 MP: 3/3
  1975 | D:3      | Reached XP level 5. HP: 50/50 MP: 4/4
  2001 | D:3      | Acquired the +5 tower shield of the Meadowlark {Dex+4}
  2140 | D:3      | Reached ** piety under Fedhas
  2286 | D:3      | Found an ancient bone altar of Kikubaaqudgha.
  2382 | D:3      | Found a shimmering altar of Xom.
  2384 | D:3      | Identified the +9 plate armour of Ghostly Music {rN+ Will+
                  | Str+2}
  2487 | D:3      | Reached skill level 3 in Unarmed Combat
  2575 | D:4      | Noticed a necrophage
  2586 | D:4      | Killed a necrophage
  2587 | D:4      | Reached skill level 1 in Shields
  2587 | D:4      | Reached XP level 6. HP: 61/61 MP: 5/5
  2873 | D:4      | Reached *** piety under Fedhas
  3039 | D:4      | Found a snail-covered altar of Cheibriados.
  3209 | D:4      | Found a glowing silver altar of Zin.
  3226 | D:5      | Entered Level 5 of the Dungeon
  3259 | D:5      | Reached XP level 7. HP: 67/67 MP: 6/6
  3362 | D:5      | Found a staircase to the Ecumenical Temple.
  3403 | Temple   | Entered the Ecumenical Temple
  3419 | D:5      | Found a broken altar of Ashenzari.
  3517 | D:5      | Reached skill level 5 in Shields
  3517 | D:5      | Reached skill level 7 in Unarmed Combat
  3517 | D:5      | Reached XP level 8. HP: 84/84 MP: 6/10
  3853 | D:5      | Noticed Edmund
  3871 | D:5      | Killed Edmund
  3910 | D:5      | Found Vehu's Book Shop.
  3995 | D:5      | Noticed Ijyb
  4000 | D:5      | Reached skill level 8 in Unarmed Combat
  4020 | D:5      | Killed Ijyb
  4551 | D:6      | Reached **** piety under Fedhas
  4655 | D:6      | You fall into a shaft and drop 3 floors!
  4682 | D:8      | Found a stormy altar of Qazlal.
  4688 | D:8      | Noticed an air elemental
  4743 | D:8      | Found a glowing golden altar of the Shining One.
  4824 | D:8      | Noticed a hornet
  4946 | D:8      | Reached XP level 9. HP: 51/93 MP: 11/11
  5013 | D:8      | Noticed a two-headed ogre
  5025 | D:8      | Killed a two-headed ogre
  5276 | D:9      | Found a shimmering blue altar of Sif Muna.
  5287 | D:9      | Got Sif Muna's Handbook of Frigorific Calling
  5290 | D:9      | Noticed a troll
  5301 | D:9      | Killed a troll
  5302 | D:9      | Found a bloodstained altar of Trog.
  5370 | D:7      | Noticed a four-headed hydra
  5383 | D:7      | Killed a four-headed hydra
  5384 | D:7      | Reached skill level 5 in Throwing
  5400 | D:7      | Noticed Dowan
  5405 | D:7      | Noticed Duvessa
  5442 | D:7      | Killed Duvessa
  5443 | D:7      | Reached skill level 5 in Invocations
  5443 | D:7      | Reached XP level 10. HP: 95/102 MP: 12/12
  5457 | D:6      | Killed Dowan
  5563 | D:7      | Found a sand-covered staircase.
  5568 | Ossuary  | Entered an ossuary
  5677 | Ossuary  | Acquired a manual of Dodging
  5758 | Ossuary  | Reached ***** piety under Fedhas
  5759 | Ossuary  | Reached skill level 9 in Unarmed Combat
  6472 | D:7      | Found Vuabb's Book Shop.
  6610 | D:7      | Found a blossoming altar of Fedhas.
  6849 | D:9      | Paralysed by a hornet for 2 turns
  6916 | D:9      | Found an opulent altar of Gozag.
  7349 | D:9      | Found a transporter.
  7362 | D:9      | Found an iron altar of Okawaru.
  7363 | D:9      | Noticed a deep troll
  7363 | D:9      | Noticed a six-headed hydra
  7377 | D:9      | Found a transporter.
  7684 | D:10     | Entered Level 10 of the Dungeon
  7733 | D:10     | Reached XP level 11. HP: 63/111 MP: 14/14
  7802 | D:10     | Found a staircase to the Orcish Mines.
  7956 | D:10     | Found Yxzys's Book Emporium.
  8411 | D:10     | Found a burning altar of Makhleb.
  8411 | D:10     | Noticed a blizzard demon
  8609 | D:10     | Reached skill level 5 in Dodging
  8644 | D:10     | Reached skill level 10 in Unarmed Combat
  8694 | D:11     | Reached ****** piety under Fedhas
  8697 | D:11     | Found a staircase to the Lair.
  8728 | D:11     | Noticed an eight-headed hydra
  8757 | D:11     | Killed an eight-headed hydra
  8983 | D:11     | Noticed a five-headed hydra
  9002 | D:11     | Killed a six-headed hydra
  9012 | D:11     | Noticed a two-headed ogre
  9037 | D:11     | Killed a two-headed ogre
  9382 | D:12     | Noticed a purple ugly thing
  9410 | D:12     | Killed a purple ugly thing
  9422 | D:12     | Reached XP level 12. HP: 122/122 MP: 15/15
  9462 | D:12     | Noticed a boulder beetle
  9468 | D:12     | Noticed a two-headed ogre
  9500 | D:12     | Killed a boulder beetle
  9533 | D:12     | Killed a two-headed ogre
  9693 | D:12     | Reached skill level 11 in Unarmed Combat
  9787 | D:12     | Noticed a white very ugly thing
  9850 | D:12     | Killed a white very ugly thing
  9924 | D:12     | Noticed a centaur warrior
  9943 | D:12     | Killed a centaur warrior
 10000 | D:12     | Noticed a centaur warrior
 10013 | D:12     | Killed a centaur warrior
 10235 | D:12     | Noticed an eight-headed hydra
 10306 | D:12     | Killed an eight-headed hydra
 10444 | D:12     | Reached XP level 13. HP: 133/133 MP: 17/17
 11299 | D:13     | Reached skill level 10 in Fighting
 11947 | D:13     | Reached skill level 12 in Unarmed Combat
 12046 | D:13     | Found a gate to the Vaults.
 12232 | Lair:1   | Entered Level 1 of the Lair of Beasts
 12261 | Lair:1   | Identified the +9 flail of the Original Sin {elec, rF+ rN+
                  | Str-2 Dex+5}
 12282 | Lair:1   | !bestwep
 13406 | Lair:2   | Reached skill level 10 in Shields
 13551 | Lair:2   | Found a runed translucent gate.
 13551 | Lair:2   | Found a runed translucent gate.
 13561 | Lair:2   | Found a runed translucent gate.
 13570 | Lair:2   | Noticed alja1234's ghost (journeyman TeFE)
 14003 | Lair:2   | Acquired the +1 cloak of the Clam {+Blink Slay+3}
 14168 | Lair:2   | Killed alja1234's ghost
 14297 | Lair:3   | Reached skill level 1 in Evocations
 14491 | Lair:3   | Found a staircase to the Swamp.
 14692 | Lair:3   | Reached XP level 14. HP: 144/144 MP: 14/18
 15743 | Lair:4   | Found a hole to the Spider Nest.
 16465 | Lair:5   | Found a runed translucent door.
 16512 | Lair:5   | Reached skill level 13 in Unarmed Combat
 16857 | Lair:6   | Entered Level 6 of the Lair of Beasts
 17129 | Lair:6   | Reached skill level 1 in Armour
 18012 | Lair:6   | Reached XP level 15. HP: 101/154 MP: 12/21
 18114 | Lair:6   | Found a staircase to the Slime Pits.
 18114 | Lair:6   | Found a viscous altar of Jiyva.
 18679 | Lair:6   | Got Sif Muna's Almanac of Floating Stones
 18744 | Lair:6   | Found a corrupted altar of Lugonu.
 18744 | Lair:6   | Found a one-way gate to the infinite horrors of the Abyss.
 19141 | D:14     | Reached skill level 14 in Unarmed Combat
 19363 | D:14     | Found a frozen archway.
 19377 | IceCv    | Entered an ice cave
 20836 | D:14     | Reached skill level 10 in Invocations
 20866 | D:14     | Found a shimmering altar of Xom.
 21578 | D:15     | Entered Level 15 of the Dungeon
 22633 | D:15     | Found a staircase to the Depths.
 22828 | D:15     | Paralysed by a hornet for 3 turns
 22844 | D:15     | Reached skill level 5 in Evocations
 22853 | D:15     | Reached XP level 16. HP: 103/165 MP: 22/22
 23118 | Orc:1    | Entered Level 1 of the Orcish Mines
 23118 | Orc:1    | Noticed Maurice
 23133 | Orc:1    | Killed Maurice
 23827 | Orc:2    | Entered Level 2 of the Orcish Mines
 24199 | Orc:2    | Found a staircase to the Elven Halls.
 25272 | Orc:2    | Found Hankedoa's Antique Armour Shoppe.
 25273 | Orc:2    | Found Vuisuxoz's Antique Weapon Emporium.
 25275 | Orc:2    | Found Cuugune's General Store.
 25275 | Orc:2    | Found Niczinae's Jewellery Shoppe.
 25372 | Orc:2    | Bought the ring "Weim" {EV+4 Str+2 SInv} for 616 gold
                  | pieces
 25373 | Orc:2    | Bought a scroll of fog for 28 gold pieces
 25373 | Orc:2    | Bought a potion of resistance for 140 gold pieces
 25574 | Spider:1 | Entered Level 1 of the Spider Nest
 25577 | Spider:1 | Noticed Kirke
 25589 | Lair:4   | Killed Kirke
 25598 | Spider:1 | Noticed Jorgrun
 25792 | Swamp:1  | Entered Level 1 of the Swamp
 25835 | Swamp:1  | Reached skill level 15 in Unarmed Combat
 26351 | Swamp:1  | HP: 7/167 [will-o-the-wisp/foxfire (25)]
 26743 | Swamp:1  | Noticed Aizul
 26768 | Swamp:1  | Killed Aizul
 27047 | Swamp:2  | HP: 1/167 [will-o-the-wisp/foxfire (11)]
 28384 | Swamp:3  | Noticed Bai Suzhen
 28463 | Swamp:2  | Killed Bai Suzhen
 28613 | Swamp:3  | Reached XP level 17. HP: 123/175 MP: 24/24
 29111 | Swamp:4  | Entered Level 4 of the Swamp
 29727 | Swamp:4  | Reached skill level 10 in Throwing
 29908 | Swamp:3  | Killed by an exploding ballistomycete spore... set off by
                  | their pet

Illustrated notes

..##.....+###.
.............
..............
............... .......
.. ........#P.# #..... ..
......##.#####....##
.##.###.†.......<#.......
........@..##....##......
...........##....##......
.....#....#.....##....#.
.... #....##............
... #....########....#.
.....#....####.##.....+ .
....................##
#.P##..................
...P......†............


Turn 12282 on Lair:1: !bestwep

Levels and vault maps discovered:
D:1:      lemuel_arrival_hallway, layout_rooms,
          shapermc_ecumenical_altar_notcrosses, serial_co_window_serial,
          co_window_cross_1, co_window_corner_a, co_window_corner_a,
          co_window_of_opportunity_a, co_window_corner_a, co_window_corner_a,
          co_window_paths_a, co_window_of_opportunity_c, co_window_paths_c,
          co_window_paths_c, co_window_of_opportunity_c, co_window_paths_d,
          glass_columns_a, glass_columns_c, glass_columns_c, glass_columns_a
D:2:      layout_basic
D:3:      minmay_razor_zed, layout_rooms, kiku_gazebo_garden_becter,
          lemuel_crystal_altar, chequers_serial_rivers_small_a
D:4:      layout_cave_pools, zin_statuary, lemuel_round_altar,
          minmay_statues_item, serial_bayou_pond_a
D:5:      layout_basic, ashenzari_altar_1, minmay_temple_entry_antechambers,
          serial_shops, nicolae_shop_stone, grunt_decor_clamped,
          lexackson_kobold_supper, uniq_edmund, uniq_ijyb
D:6:      layout_cave_pools
D:7:      layout_cave_pools, mainiacjoe_overflow_brackets, enter_ossuary_2,
          serial_shops, shop, uniq_duvessa
D:8:      layout_basic, old_standard_altar, nicolae_qazlal_style_of_elements,
          minmay_misc_feat_doors, st_stairs_14
D:9:      layout_loops_ring, nzn_overflow_gifts_of_might_and_magic,
          gammafunk_temple_overflow_arena, mainiacjoe_overflow_cross_hatched,
          nrook_mini_backslash
D:10:     layout_loops_cross, makhleb_altar_promises_db, david_orc_3,
          serial_shops, nicolae_shop_stone
D:11:     layout_rooms, minmay_lair_entry_grove
D:12:     minmay_the_grid_4x2 [minmay_the_grid_embedded, minmay_the_grid_mess,
          minmay_the_grid_garden, minmay_the_grid_minigrid_medium,
          minmay_the_grid_holed_spiral, minmay_the_grid_medium_cups,
          minmay_the_grid_gridbox, minmay_the_grid_prize_inner_circle],
          layout_basic
D:13:     layout_small_grid, david_vaults_5
D:14:     layout_long_grid, portal_ice_cave_entry_ice_statue_one,
          serial_co_window_serial, co_window_paths_a, co_window_corner_a,
          co_window_cross_1, co_window_corner_a, co_window_paths_b,
          co_window_broadway_a, co_window_of_opportunity_b,
          co_window_of_opportunity_b, co_window_4corner_b, glass_columns_b,
          nrook_campfire, xom_teletrap_fun
D:15:     grunt_enter_depths_hoard, layout_cave_pods, patterned_corridor,
          grunt_potential
Temple:   kb_temple_of_zot
Lair:1:   layout_regular_city
Lair:2:   layout_gridlike, ebering_ghost_rock_garden, minivault_19
Lair:3:   beast_lair_carwin_large_3, layout_cave_pods, swamp_mist_pool,
          grunt_megastairs_2, lemuel_fruit_fields
Lair:4:   layout_misc_corridors, spider_nest_entry_funnel_web
Lair:5:   layout_roguey, ldierk_geyser, pf_torpor_hydra
Lair:6:   hellmonk_lair_end_abyssal_woods, layout_cellular_growth,
          slime_altar_1, lemuel_fruit_fields
Swamp:1:  layout_basic_swamp, evilmike_swamp_ruin_house_1, uniq_aizul
Swamp:2:  layout_basic_swamp, hangedman_swamp_ruin_hall, swamp_pool4
Swamp:3:  layout_basic_swamp, evilmike_swamp_ruin_house_4, uniq_bai_suzhen
Swamp:4:  swamp_alternative, layout_basic_swamp
Spider:1: layout_spider_delve, nicolae_spider_orb_run, uniq_kirke, uniq_jorgrun
Orc:1:    layout_diamond_mine, hangedman_feature_mirror,
          nicolae_orc_flooded_monolith, bh_open_orc_temple, uniq_maurice
Orc:2:    st_orc_congregation, layout_diamond_mine, lemuel_statue_altar,
          nicolae_orc_rockfall

Skill      XL: |  1  2  3  4  5  6  7  8  9 10 11 12 13 14 15 16 17 |
---------------+----------------------------------------------------+-----
Unarmed Combat | 1 2 3 7 8 9 10 11 12 13 14 15 | 15.5
Fighting       | 2 3 6 7 8 9 10 11 12 | 12.9
Dodging        | 2 3 4 5 7 8 |  8.1
Throwing       | 4 5 6 7 8 9 10 | 10.1
Shields        | 1 5 6 7 8 9 10 11 | 11.8
Invocations    | 4 5 6 7 9 10 11 | 11.6
Evocations     | 1 3 5 6 |  6.0
Armour         | 2 4 |  4.0
Stealth        | |  0.3

Action                   |  1- 3 |  4- 6 |  7- 9 | 10-12 | 13-15 | 16-18 || total
-------------------------+-------+-------+-------+-------+-------+-------++-------
Melee: Unarmed           |    83 |   127 |   172 |   758 |  1301 |   708 ||  3149
       Short sword       |     2 |       |       |       |       |       ||     2
       Punch             |     2 |       |       |       |       |       ||     2
Throw: Stone             |       |    46 |    54 |    42 |   253 |   184 ||   579
       Boomerang         |       |       |     7 |     3 |       |       ||    10
       Dart              |       |       |       |    17 |       |       ||    17
Invok: Grow Ballistomyce |       |       |     1 |     4 |    20 |    15 ||    40
       Wall of Briars    |       |       |       |     6 |     1 |     3 ||    10
       Grow Oklob        |       |       |       |       |     1 |     1 ||     2
       Overgrow          |       |       |       |       |       |     3 ||     3
Evoke: Wand              |       |       |       |     1 |       |       ||     1
  Use: Scroll            |     2 |     8 |     2 |    13 |    10 |     6 ||    41
       Potion            |       |       |     1 |     4 |     2 |     6 ||    13
 Stab: Sleeping          |       |     2 |       |     3 |       |     3 ||     8
       Distracted        |       |     1 |       |       |     1 |       ||     2
       Confused          |       |       |       |       |     3 |     2 ||     5
       Invisible         |       |       |       |       |     1 |       ||     1
Armor: Robe              |    32 |    36 |    71 |   105 |       |       ||   244
       Troll leather arm |       |       |       |    50 |       |       ||    50
       Acid dragon scale |       |       |       |    76 |   453 |   179 ||   708
Dodge: Dodged            |    49 |    35 |    47 |   306 |   463 |   335 ||  1235
Block: Kite shield       |       |    34 |    99 |   154 |       |       ||   287
       Tower shield      |       |       |       |   667 |  1503 |   865 ||  3035

Table legend: (Time is in decaauts)
 A = Elapsed time spent in this place.
 B = Non-inter-level travel time spent in this place.
 C = Inter-level travel time spent in this place.
 D = Time resting spent in this place.
 E = Time spent auto-exploring this place.
 F = Levels seen in this place.
 G = Mean time per level.
                   A        B        C        D        E       F      G
               +--------+--------+--------+--------+--------+-----+--------+
         Total |  30214 |  28367 |   1847 |   1612 |  17831 |  31 |  974.6 |
       Dungeon |  14960 |  14108 |    852 |    140 |   9436 |  15 |  997.3 |
        Temple |      1 |      1 |      0 |      0 |      0 |   1 |    1.0 |
          Lair |   7578 |   6954 |    624 |    512 |   4557 |   6 | 1263.0 |
         Swamp |   3888 |   3668 |    220 |    632 |   1946 |   4 |  972.0 |
   Spider Nest |     14 |     14 |      0 |      0 |      0 |   1 |   14.0 |
  Orcish Mines |   2326 |   2177 |    149 |    154 |   1365 |   2 | 1163.0 |
       Ossuary |    320 |    320 |      0 |      0 |      0 |   1 |  320.0 |
      Ice Cave |   1125 |   1125 |      0 |    173 |    526 |   1 | 1125.0 |
               +--------+--------+--------+--------+--------+-----+--------+

Top non-repeatable levels by time:
  Lair:3: 1988 daAuts
    D:12: 1901 daAuts
  Lair:6: 1781 daAuts
    D:15: 1408 daAuts
   Orc:2: 1392 daAuts
    D:14: 1388 daAuts
 Swamp:3: 1352 daAuts
 Swamp:2: 1300 daAuts
     D:5: 1297 daAuts
    D:13: 1183 daAuts
     D:2: 1133 daAuts
   IceCv: 1125 daAuts
  Lair:2: 1064 daAuts
    D:10: 1024 daAuts
  Lair:1: 1006 daAuts
